 Dungeon Crawl Stone Soup version 0.31-a0-1469-gd420192249 (webtiles) character file.

Game seed: 3233929176009451910

634 BigPumpCobain the Ruffian (level 7, 0/53 HPs)
             Began as a Gnoll Shapeshifter on Dec 29, 2023.
             Succumbed to an orc wizard's poison
             ... on level 4 of the Dungeon.
             The game lasted 00:03:50 (3789 turns).

BigPumpCobain the Ruffian (Gnoll Shapeshifter)      Turns: 3789, Time: 00:03:50

Health: 0/53       AC:  3    Str: 15    XL:     7   Next: 49%
Magic:  10/10      EV: 13    Int:  9    God:
Gold:   190        SH:  0    Dex: 12    Spells: 11/11 levels left

rFire   . .          .
                       - Unarmed
rCold   . . .        (no shield)
rNeg    . . .        b - +0 leather armour
rPois   .            (helmet currently unavailable)
rElec   .            (cloak currently unavailable)
rCorr   .            (gloves currently unavailable)
SInv    .            (boots currently unavailable)
Will    .....        (no amulet)
Stlth   ++           (no ring)
HPRegen 0.28/turn    (no ring)
MPRegen 0.12/turn

%: no passive effects
@: lethally poisoned (0 -> -14), beast-form
A: beast (slay +4), fangs 1, strong nose, distributed training
a: Begin Untransformation


You were on level 4 of the Dungeon.
You were a hulking beast.
You visited 1 branch of the dungeon, and saw 5 of its levels.

You collected 190 gold pieces.

Inventory:

Armour
 b - a +0 leather armour (worn)
Talismans
 c - a beast talisman
 d - a flux talisman
Scrolls
 f - a scroll of brand weapon {unknown}
 i - 4 scrolls of identify {unknown}
 n - 5 scrolls of fog {unknown}
Potions
 a - a potion of cancellation {unknown}
 e - 3 potions of enlightenment
 h - a potion of experience {unknown}
 j - a potion of attraction {unknown}
 k - a potion of brilliance {unknown}
 l - a potion of magic {unknown}


   Skills:
 + Level 3.7 Fighting
 + Level 2.6 Short Blades
 + Level 2.6 Long Blades
 + Level 2.6 Axes
 + Level 2.6 Maces & Flails
 + Level 2.6 Polearms
 + Level 2.6 Staves
 + Level 2.6 Ranged Weapons
 + Level 2.6 Throwing
 + Level 2.6 Armour
 + Level 5.3 Dodging
 + Level 2.6 Stealth
 + Level 2.6 Shields
 + Level 7.1 Unarmed Combat
 + Level 2.6 Spellcasting
 + Level 2.1 Conjurations
 + Level 2.1 Hexes
 + Level 2.1 Summonings
 + Level 2.1 Necromancy
 + Level 2.1 Translocations
 + Level 2.1 Fire Magic
 + Level 2.1 Ice Magic
 + Level 2.1 Air Magic
 + Level 2.1 Earth Magic
 + Level 2.1 Alchemy
 + Level 2.9 Invocations
 + Level 2.6 Evocations
 + Level 7.0 Shapeshifting


You had 11 spell levels left.
You didn't know any spells.
Your spell library was empty.

Dungeon Overview and Level Annotations

Branches:
Dungeon (5/15)
 Temple: D:4-7

Altars:
Dithmenos
Qazlal

Annotations:
D:4 Menkaure


Innate Abilities, Weirdness & Mutations

You are a hulking beast.
Your limbs bulge with bestial killing power. (Slay +4)
You have very sharp teeth.
Your uncanny sense of smell can sniff out nearby items.
Your experience applies equally to all skills.


Message History

The magic dart hits you.
You hit the orc wizard but do no damage.
The orc wizard is severely wounded.
You feel sick. The hound bites you.
The orc wizard hits you with a +1 dagger of venom.
You are more poisoned.
The hound misses you.
You are too injured to fight recklessly!
You are too injured to fight recklessly!
You are too injured to fight recklessly!
You are too injured to fight recklessly!
You are too injured to fight recklessly!
You are too injured to fight recklessly!
You are too injured to fight recklessly!
You are too injured to fight recklessly!
You are too injured to fight recklessly!
You are too injured to fight recklessly!
You are too injured to fight recklessly!
You are too injured to fight recklessly!
You are too injured to fight recklessly!
You are too injured to fight recklessly!
You are too injured to fight recklessly!
You are too injured to fight recklessly!
You are too injured to fight recklessly!
Okay, then.
As you read the scroll labelled ICUBEDDAWK, it crumbles to dust.
You feel strangely unstable.
It was a scroll of teleportation.
You feel very sick. The hound bites you but does no damage.
The orc wizard hits you with a +1 dagger of venom.
You are lethally poisoned!
* * * LOW HITPOINT WARNING * * *
You feel very sick. The hound attacks as it pursues you!
The hound closely misses you. The hound bites you.
* * * LOW HITPOINT WARNING * * *
* * * LOW HITPOINT WARNING * * *
You feel very sick.
Your surroundings suddenly seem different.
You die...

###+##+∆ #.....# #####
......# #... .....#
#####.######### ...#.#
#.............# .....#
#.###M#######.# ...###
#.#......h..#.#
...#####.#.#.###.###.#
.........#PPPPP...B..###.#
.#########P$$$B.####.M)..#
.# #P$$$.. #.##### .#
#P$$$.. #....# ## #PP..P.
####.# ####### #.### #...#


You could see Menkaure (wandering) and a bombardier beetle (wandering).

Vanquished Creatures
  Sigmund (D:2)
  A water moccasin (D:5)
  Pargi (D:3)
  A jelly (D:3)
  An orc priest (D:5)
  2 sleepcaps
  3 adders
  3 worms (D:2)
  3 dart slugs
  6 orcs
  11 ball pythons
  6 endoplasms
  6 giant cockroaches
  6 goblins
  4 hobgoblins
  13 jackals
  3 kobolds
  4 quokkas
  8 bats
  7 frilled lizards
  6 rats
96 creatures vanquished.

Notes
Turn   | Place    | Note
-------+----------+-------------------------------------------
     0 | D:1      | BigPumpCobain the Gnoll Shapeshifter began the quest for
                  | the Orb.
     0 | D:1      | Reached XP level 1. HP: 17/17 MP: 1/1
   216 | D:1      | Reached XP level 2. HP: 23/23 MP: 2/2
   666 | D:1      | Reached XP level 3. HP: 27/28 MP: 3/3
  1064 | D:2      | Reached skill level 1 in Invocations
  1274 | D:2      | Reached skill level 1 in Short Blades
  1274 | D:2      | Reached skill level 1 in Long Blades
  1274 | D:2      | Reached skill level 1 in Axes
  1274 | D:2      | Reached skill level 1 in Maces & Flails
  1274 | D:2      | Reached skill level 1 in Polearms
  1274 | D:2      | Reached skill level 1 in Staves
  1274 | D:2      | Reached skill level 1 in Ranged Weapons
  1274 | D:2      | Reached skill level 1 in Throwing
  1274 | D:2      | Reached skill level 1 in Armour
  1274 | D:2      | Reached skill level 1 in Stealth
  1274 | D:2      | Reached skill level 1 in Shields
  1274 | D:2      | Reached skill level 1 in Spellcasting
  1274 | D:2      | Reached skill level 1 in Evocations
  1435 | D:2      | Reached XP level 4. HP: 30/34 MP: 5/5
  1436 | D:2      | Found a faded altar of an unknown god.
  1461 | D:2      | Noticed Sigmund
  1468 | D:2      | Killed Sigmund
  1469 | D:2      | Reached skill level 1 in Conjurations
  1469 | D:2      | Reached skill level 1 in Hexes
  1469 | D:2      | Reached skill level 1 in Summonings
  1469 | D:2      | Reached skill level 1 in Necromancy
  1469 | D:2      | Reached skill level 1 in Translocations
  1469 | D:2      | Reached skill level 1 in Fire Magic
  1469 | D:2      | Reached skill level 1 in Ice Magic
  1469 | D:2      | Reached skill level 1 in Air Magic
  1469 | D:2      | Reached skill level 1 in Earth Magic
  1469 | D:2      | Reached skill level 1 in Alchemy
  1469 | D:2      | Reached XP level 5. HP: 26/41 MP: 5/7
  1469 | D:2      | Reached XP level 6. HP: 29/47 MP: 5/8
  2208 | D:3      | Reached skill level 5 in Dodging
  2243 | D:3      | Noticed Pargi
  2258 | D:3      | Killed Pargi
  2547 | D:3      | Found a stormy altar of Qazlal.
  2813 | D:3      | Reached XP level 7. HP: 47/52 MP: 10/10
  3348 | D:4      | Noticed Menkaure
  3378 | D:5      | Entered Level 5 of the Dungeon
  3661 | D:4      | Found a shadowy altar of Dithmenos.
  3789 | D:4      | Succumbed to an orc wizard's poison

Illustrated notes

Levels and vault maps discovered:
D:1:      giann_bridges, layout_basic, serial_curves, eino_curves_04,
          eino_curves_01, eino_curves_01, eino_curves_01
D:2:      layout_basic, nicolae_ecumenical_snake_handling,
          nicolae_elevator_lobby_plus, uniq_sigmund
D:3:      layout_basic, nicolae_qazlal_general_emergency,
          kennysheep_minor_cross, minmay_misc_feat_secret_circle, uniq_pargi
D:4:      layout_basic, grunt_dithmenos_smoke, minmay_gold_behind_fungi,
          dk_noncrumbling_2, uniq_menkaure
D:5:      kennysheep_six_static_rooms, layout_gridville,
          nicolae_vehumet_radiance, old_standard_altar, jmf_multi_god_temple,
          minmay_temple_entry_arrows, minmay_crystal_room

Skill      XL: |  1  2  3  4  5  6  7 |
---------------+----------------------+-----
Invocations    | 1 2 |  2.9
Short Blades   | 1 2 |  2.6
Long Blades    | 1 2 |  2.6
Axes           | 1 2 |  2.6
Maces & Flails | 1 2 |  2.6
Polearms       | 1 2 |  2.6
Staves         | 1 2 |  2.6
Ranged Weapons | 1 2 |  2.6
Throwing       | 1 2 |  2.6
Armour         | 1 2 |  2.6
Stealth        | 1 2 |  2.6
Shields        | 1 2 |  2.6
Spellcasting   | 1 2 |  2.6
Evocations     | 1 2 |  2.6
Fighting       | 3 |  3.7
Conjurations   | 1 2 |  2.1
Hexes          | 1 2 |  2.1
Summonings     | 1 2 |  2.1
Necromancy     | 1 2 |  2.1
Translocations | 1 2 |  2.1
Fire Magic     | 1 2 |  2.1
Ice Magic      | 1 2 |  2.1
Air Magic      | 1 2 |  2.1
Earth Magic    | 1 2 |  2.1
Alchemy        | 1 2 |  2.1
Dodging        | 5 |  5.3
Unarmed Combat | 7 |  7.1
Shapeshifting  | 7 |  7.0

Action                     |  1- 3 |  4- 6 |  7- 9 || total
---------------------------+-------+-------+-------++-------
  Melee: Unarmed           |    85 |    63 |    67 ||   215
         Bite              |     5 |     8 |     4 ||    17
         Punch             |       |       |     3 ||     3
    Use: Potion            |       |       |     4 ||     4
         Scroll            |       |       |     1 ||     1
   Stab: Sleeping          |     2 |     3 |     2 ||     7
 Armour: Animal skin       |    37 |    40 |    21 ||    98
         Skin              |       |       |    26 ||    26
         Leather armour    |       |       |    20 ||    20
  Dodge: Dodged            |    55 |    36 |    26 ||   117

Table legend: (Time is in decaauts)
 A = Elapsed time spent in this place.
 B = Non-inter-level travel time spent in this place.
 C = Inter-level travel time spent in this place.
 D = Time resting spent in this place.
 E = Time spent auto-exploring this place.
 F = Levels seen in this place.
 G = Mean time per level.
                   A        B        C        D        E       F      G
               +--------+--------+--------+--------+--------+-----+--------+
         Total |   3765 |   3631 |    134 |    157 |   2940 |   5 |  753.0 |
       Dungeon |   3765 |   3631 |    134 |    157 |   2940 |   5 |  753.0 |
               +--------+--------+--------+--------+--------+-----+--------+

Top non-repeatable levels by time:
     D:2: 1270 daAuts
     D:3: 1135 daAuts
     D:1: 901 daAuts
     D:4: 279 daAuts
     D:5: 179 daAuts
